AoeStats
← Lunch Cyborg

Black Forest

509792430Analyzed
4v4 RM · 3d ago on Sep 28, 2026· 57m 39s· 8 players
Game mode
Random Map
Map size
Large (8 player)
Population
200
Speed
Normal
Resources
Standard
Victory
Conquest
Starting age
Dark Age
Ending age
Imperial Age
RankedLock teamsTeams togetherTeam positionsShared explorationLock speedFull tech treeHidden civsTurbo modeCheats
Victory
Defeat
🇲🇽 Japanese · Mexico
876
+11
🇲🇽 Sicilians · Mexico
870
+12
🇲🇽 Poles · Mexico
848
+13
🇲🇽 Teutons · Mexico
730
+17
🇺🇸 Hindustanis · United States
804
-15
🇺🇸 Romans · United States
793
-14
🇺🇸 Inca · United States
750
-12
🇺🇸 Persians · United States
738
-12
Spartan 585
0:27 Loom
13:33 Feudal Age
14:50 Wheelbarrow
14:23 Double-Bit Axe
14:24 Horse Collar
17:11 Gold Mining
17:12 Stone Mining
21:16 Castle Age
22:24 Hand Cart
22:12 Heavy Plow
22:25 Bow Saw
26:00 Gold Shaft Mining
28:18 Fortified Wall
30:58 Imperial Age
29:20 Stone Shaft Mining
32:44 Chemistry
31:51 Siege Engineers
32:52 Two-Man Saw
32:14 Caravan
34:14 Conscription
33:56 Grand Trunk Road
34:33 Ballistics
34:19 Padded Archer Armor
34:25 Scale Barding Armor
34:31 Forging
35:16 Shatagni
38:35 Chain Barding Armor
38:50 Iron Casting
38:31 Leather Archer Armor
40:33 Plate Barding Armor
40:01 Husbandry
40:11 Bloodlines
39:25 Heavy Camel Rider
39:26 Light Cavalry
42:27 Imperial Camel Rider
44:01 Murder Holes
Lunch Cyborg
0:29 Loom
12:41 Feudal Age
13:19 Horse Collar
13:25 Double-Bit Axe
20:22 Castle Age
22:29 Heavy Plow
22:40 Bow Saw
25:14 Wheelbarrow
26:22 Hand Cart
34:21 Imperial Age
34:49 Caravan
35:39 Forging
35:29 Scale Mail Armor
37:50 Iron Casting
37:31 Chain Mail Armor
36:43 Elite Kamayuk
37:28 Fabric Shields
38:08 Conscription
37:40 Arson
38:00 Squires
40:58 Blast Furnace
42:00 Plate Mail Armor
NutmegCypress
0:31 Loom
15:46 Feudal Age
16:14 Double-Bit Axe
18:15 Wheelbarrow
18:25 Horse Collar
26:18 Castle Age
25:06 Gold Mining
25:10 Stone Mining
27:16 Bow Saw
29:23 Heavy Plow
31:59 Town Watch
36:14 Fortified Wall
42:15 Imperial Age
40:28 Man-at-Arms
41:09 Squires
44:05 Chemistry
43:27 Ballistics
43:35 Hand Cart
43:59 Long Swordsman
48:39 Legionary
55:43 Pikeman
theBEAR1836
0:33 Loom
14:21 Feudal Age
20:21 Double-Bit Axe
20:25 Horse Collar
26:12 Castle Age
26:47 Scale Barding Armor
28:53 Bow Saw
30:52 Wheelbarrow
31:56 Bloodlines
31:47 Husbandry
38:14 Imperial Age
36:07 Hand Cart
39:03 Gold Mining
39:05 Stone Mining
41:06 Conscription
40:22 Light Cavalry
42:52 Onager
49:54 Kamandaran
49:54 Crossbowman
50:41 Thumb Ring
51:23 Caravan
Creizyllama
1:23 Loom
24:12 Feudal Age
24:59 Horse Collar
25:23 Double-Bit Axe
27:39 Wheelbarrow
26:58 Gold Mining
26:59 Stone Mining
27:29 Man-at-Arms
27:57 Arson
28:05 Fletching
28:26 Forging
28:16 Scale Mail Armor
31:41 Castle Age
30:09 Bloodlines
33:04 Heavy Plow
33:40 Stone Shaft Mining
33:18 Bow Saw
38:07 Imperial Age
36:18 Hand Cart
37:50 Light Cavalry
38:31 Husbandry
40:30 Chemistry
39:36 Siege Engineers
39:28 Murder Holes
39:31 Long Swordsman
40:14 Squires
40:27 Forging
40:23 Scale Barding Armor
40:18 Scale Mail Armor
40:33 Town Watch
41:17 Two-Handed Swordsman
42:24 Conscription
43:35 Chain Barding Armor
43:51 Iron Casting
46:20 Winged Hussar
47:24 Lechitic Legacy
46:36 Champion
48:12 Crop Rotation
50:19 Chain Mail Armor
51:04 Blast Furnace
49:54 Fletching
50:37 Town Patrol
51:45 Cavalier
55:29 Ballistics
54:41 Elite Obuch
Gazpacho
3:47 Loom
11:08 Feudal Age
11:57 Double-Bit Axe
17:42 Castle Age
16:59 Horse Collar
20:07 Bow Saw
20:53 Wheelbarrow
20:05 Town Watch
21:23 Heavy Plow
26:35 Forging
26:53 Scale Mail Armor
31:36 Imperial Age
29:48 Hand Cart
29:55 Stone Mining
29:55 Gold Mining
30:52 Town Patrol
30:58 Treadmill Crane
32:26 Iron Casting
32:06 Chain Mail Armor
32:38 Gold Shaft Mining
32:33 Masonry
32:42 Scale Barding Armor
33:20 Ballistics
34:01 Chemistry
33:25 Conscription
34:35 Blast Furnace
34:58 Two-Man Saw
34:59 Plate Mail Armor
34:46 Caravan
34:35 Elite Samurai
35:19 Fletching
35:30 Padded Archer Armor
35:52 Chain Barding Armor
36:44 Kataparuto
36:44 Siege Engineers
36:42 Murder Holes
38:18 Bodkin Arrow
38:39 Leather Archer Armor
38:48 Heavy Cavalry Archer
39:53 Parthian Tactics
38:55 Crossbowman
39:41 Thumb Ring
40:47 Fortified Wall
40:34 Arbalester
45:20 Light Cavalry
46:10 Bloodlines
46:00 Husbandry
47:03 Cavalier
50:13 Bracer
50:43 Ring Archer Armor
mariusly1
7:35 Loom
11:38 Feudal Age
12:47 Horse Collar
12:53 Double-Bit Axe
19:13 Castle Age
23:41 Bow Saw
23:32 Heavy Plow
23:42 Gold Mining
28:06 Stone Mining
30:19 Scale Mail Armor
30:29 Forging
29:48 Man-at-Arms
30:15 Gambesons
34:12 Imperial Age
31:21 Pikeman
33:19 Wheelbarrow
32:29 Town Watch
33:15 Squires
34:46 Chain Mail Armor
35:37 Conscription
34:40 Elite Serjeant
37:59 Plate Mail Armor
38:04 Iron Casting
37:20 Halberdier
39:54 Chemistry
39:15 Ballistics
39:05 Murder Holes
39:34 Masonry
40:48 Hand Cart
40:33 Town Patrol
41:33 Gold Shaft Mining
41:34 Stone Shaft Mining
42:33 Blast Furnace
43:19 Fletching
45:28 Bodkin Arrow
48:14 Bracer
49:22 Siege Engineers
49:03 Arrowslits
49:09 Heated Shot
52:02 Scale Barding Armor
51:58 Padded Archer Armor
52:13 Arson
HenryEnrique
8:20 Loom
13:25 Feudal Age
13:48 Horse Collar
18:50 Stone Mining
24:37 Castle Age
27:34 Ironclad
27:27 Heavy Plow
27:35 Double-Bit Axe
30:12 Gold Mining
32:15 Stone Shaft Mining
35:55 Imperial Age
39:13 Elite Teutonic Knight
40:16 Crenellations
41:15 Crenellations
42:26 Scale Barding Armor
42:32 Forging
42:27 Scale Mail Armor
42:38 Forging
42:29 Elite Skirmisher
47:28 Crop Rotation
49:08 Chain Mail Armor
49:29 Iron Casting
52:17 Plate Mail Armor
52:48 Blast Furnace
53:35 Fletching
55:41 Squires
55:04 Pikeman
56:04 Halberdier
Connection lost

Rejoining the realm…

Still unreachable

The connection could not be restored.

Session expired

The server has moved on; the page needs a fresh start.